AoeStats
← vivrant

Nomad

509686205Analyzed
3v3 RM · 5d ago on Sep 27, 2026· 46m 0s· 6 players
Game mode
Random Map
Map size
210×210
Population
200
Speed
Normal
Resources
Standard
Victory
Conquest
Starting age
Dark Age
Ending age
Imperial Age
RankedLock teamsTeams togetherTeam positionsShared explorationLock speedFull tech treeHidden civsTurbo modeCheats
Victory
Defeat
🇹🇷 Aztecs · Türkiye
969
+13
🇹🇷 Huns · Türkiye
902
+16
🇹🇷 Varangians · Türkiye
884
+16
🇮🇳 Koreans · India
915
-42
🇹🇷 Malians · Türkiye
902
-15
🇨🇦 Teutons · Canada
872
-14
aksoy14537540
4:43 Loom
14:16 Feudal Age
15:14 Horse Collar
15:41 Double-Bit Axe
20:55 Castle Age
18:41 Man-at-Arms
19:30 Scale Mail Armor
20:09 Forging
21:50 Squires
21:36 Arson
21:12 Pikeman
21:53 Long Swordsman
34:06 Long Swordsman
vivrant
15:20 Loom
17:34 Feudal Age
29:50 Castle Age
28:40 Scale Barding Armor
28:47 Forging
29:18 Bloodlines
30:17 Fletching
33:33 Chain Barding Armor
Mogami
5:51 Loom
15:44 Feudal Age
16:36 Double-Bit Axe
16:45 Fishing Lines
17:05 Town Watch
18:17 Wheelbarrow
19:48 Castle Age
17:59 Horse Collar
20:40 Bow Saw
20:35 Heavy Plow
24:28 Squires
24:45 Gold Mining
24:45 Stone Mining
26:06 Wheelbarrow
26:11 Scale Mail Armor
27:56 Hand Cart
28:22 Chain Mail Armor
28:17 Forging
28:55 Forging
29:54 Town Patrol
32:20 Iron Casting
34:45 Imperial Age
32:41 Fletching
33:20 Arson
35:25 Gold Shaft Mining
34:54 Elite Fire Lancer
36:12 Plate Mail Armor
35:38 Bodkin Arrow
38:31 Bracer
42:23 Chemistry
41:43 Ballistics
41:34 Elite War Wagon
45:40 Masonry
45:27 Murder Holes
[JRA] Dust In The Wİnd
15:29 Feudal Age
17:58 Loom
21:07 Castle Age
23:05 Double-Bit Axe
24:59 Forging
24:49 Scale Mail Armor
24:44 Eagle Warrior
25:25 Squires
27:33 Horse Collar
29:27 Redemption
30:24 Wheelbarrow
29:36 Town Watch
31:58 Town Patrol
32:18 Gold Mining
32:20 Stone Mining
33:32 Iron Casting
33:02 Arson
33:55 Hand Cart
34:34 Stone Shaft Mining
34:48 Chain Mail Armor
35:10 Gambesons
35:38 Bow Saw
35:40 Heavy Plow
38:46 Imperial Age
38:52 Elite Eagle Warrior
39:04 Elite Jaguar Warrior
40:05 Conscription
40:56 Garland Wars
42:11 Blast Furnace
[JRA]BATU
14:16 Feudal Age
20:23 Castle Age
19:27 Double-Bit Axe
19:56 Gold Mining
19:50 Horse Collar
20:06 Stone Mining
28:08 Scale Barding Armor
34:25 Gold Shaft Mining
34:24 Bow Saw
35:17 Wheelbarrow
34:28 Town Watch
40:31 Imperial Age
38:19 Hand Cart
38:05 Town Patrol
38:40 Heavy Plow
41:29 Bloodlines
41:20 Husbandry
40:41 Cavalier
43:29 Chain Barding Armor
43:19 Forging
46:11 Iron Casting
[JRA] MELITIAN
5:54 Loom
15:27 Feudal Age
19:07 Double-Bit Axe
21:55 Castle Age
24:44 Bow Saw
24:33 Arson
26:05 Husbandry
26:16 Bloodlines
26:08 Squires
26:05 Stone Mining
27:34 Stone Shaft Mining
26:54 Gold Mining
32:58 Forging
32:54 Scale Barding Armor
37:15 Iron Casting
45:41 Scale Mail Armor
48:20 Imperial Age
Connection lost

Rejoining the realm…

Still unreachable

The connection could not be restored.

Session expired

The server has moved on; the page needs a fresh start.